 Dungeon Crawl Stone Soup version 0.30-a0-360-g447f08457e (webtiles) character file.

Game seed: 16221807867881712025

26289 Demosthentine the Cleaver (level 13, -5/119 HPs)
             Began as a Hill Orc Fighter on Oct 4, 2022.
             Was a High Priest of Beogh.
             Shot with a bolt by a tengu warrior (15 damage)
             ... on level 13 of the Dungeon on Nov 14, 2022.
             The game lasted 00:15:08 (11577 turns).

Demosthentine the Cleaver (Hill Orc Fighter)       Turns: 11577, Time: 00:15:09

Health: -5/119     AC: 17    Str: 26    XL:     13   Next: 25%
Magic:  21/21      EV: 13    Int: 13    God:    Beogh [*****.]
Gold:   308        SH:  7    Dex: 18    Spells: 12/12 levels left

rFire   . . .      SeeInvis +    a - +1 war axe (flame)
rCold   . . .      Faith    .    c - +0 buckler
rNeg    + + .      Spirit   .    n - quicksilver dragon scales
rPois   .          Reflect  .    A - +0 helmet
rElec   .          Harm     .    d - +1 cloak
rCorr   .          Rampage  .    (no gloves)
Will    +....                    (no boots)
Stlth   +.........               y - amulet of regeneration
HPRegen 1.19/turn                q - ring of Ivvyoza {rN++ Str+4 Int+5 Dex+6 Slay-2}
MPRegen 0.17/turn                D - ring of see invisible

@: no status effects
A: walk on water
a: Renounce Religion, Smiting, Recall Orcish Followers, Give Item to Named
Follower


You were on level 13 of the Dungeon.
You worshipped Beogh.
Beogh was extremely pleased with you.
You visited 2 branches of the dungeon, and saw 14 of its levels.
You also visited: Bailey.

You collected 799 gold pieces.
You spent 491 gold pieces at shops.

Inventory:

Hand Weapons
 a - a +1 war axe of flaming (weapon)
 K - the +14 obsidian axe {vorpal, Mesm Drain Fly SInv}
   (You found it on level 10 of the Dungeon)

   It inflicts extra damage upon your enemies.
   It occasionally summons demons to assist the wielder when it strikes in
   combat.
   Its wielder is mesmerised by any visible foes.
   It cannot be unequipped while any foes are visible.
   SInv:      It lets you see invisible.
   Fly:       It grants you flight.
   Drain:     It drains your maximum health when unequipped.
Armour
 c - a +0 buckler (worn)
 d - a +1 cloak (worn)
 n - quicksilver dragon scales (worn)
 A - a +0 helmet (worn)
Jewellery
 q - the ring of Ivvyoza (left hand) {rN++ Str+4 Int+5 Dex+6 Slay-2}
   (You found it on level 2 of the Dungeon)

   [ring of dexterity]

   Str:       It affects your strength (+4).
   Int:       It affects your intelligence (+5).
   Dex:       It affects your dexterity (+6).
   Slay:      It affects your accuracy & damage with ranged weapons and melee
   (-2).
   rN:        It greatly protects you from negative energy.
 y - an amulet of regeneration (around neck)
 z - a ring of magical power
 C - a ring of willpower
 D - a ring of see invisible (right hand)
 I - a ring of positive energy
 M - the ring "Ulysh" {Fire Will+ rCorr Int+2}
   (You found it on level 11 of the Dungeon)

   [ring of fire]

   It enhances your fire magic.
   Int:       It affects your intelligence (+2).
   rF:        It protects you from fire.
   rC:        It makes you vulnerable to cold.
   rCorr:     It protects you from acid and corrosion.
   Will:      It increases your willpower.
Wands
 e - a wand of digging (15)
 B - a wand of paralysis (8)
 E - a wand of iceblast (14)
 J - a wand of flame (24)
Scrolls
 i - 4 scrolls of fear
 o - 2 scrolls of fog
 v - 2 scrolls of enchant weapon
 w - a scroll of teleportation
 x - 2 scrolls of enchant armour
 G - a scroll of blinking
 H - 3 scrolls of identify
Potions
 f - 4 potions of magic
 g - 2 potions of attraction
 j - 8 potions of curing
 k - 7 potions of lignification
 l - 2 potions of haste
 m - 2 potions of mutation
 p - 2 potions of brilliance
 r - 4 potions of resistance
 s - 2 potions of might
 t - a potion of cancellation
 u - 4 potions of flight
 F - 2 potions of invisibility


   Skills:
 + Level 12.5 Fighting
 + Level 13.3 Axes
 + Level 11.6 Armour
 + Level 5.1 Dodging
 - Level 9.3 Shields
 - Level 11.8 Invocations


You had 12 spell levels left.
You didn't know any spells.
Your spell library contained the following spells:

 Spells                   Type           Power      Damage    Failure   Level
 Kiss of Death            Conj/Necr      0%         2d5       45%         1
 Blink                    Tloc           0%         N/A       61%         2
 Poisonous Vapours        Pois/Air       0%         N/A       61%         2
 Sublimation of Blood     Necr           0%         N/A       61%         2
 Wereblood                Tmut           0%         N/A       61%         2
 Ignite Poison            Fire/Tmut/Pois 0%         N/A       83%         3
 Kindle Blastsparks       Fire/Tloc/Air  0%         2d10      83%         3
 Mephitic Cloud           Conj/Pois/Air  0%         N/A       83%         3
 Vhi's Electric Charge    Tloc/Air       0%         N/A       83%         3
 Cause Fear               Hex            0%         N/A       99%         4
 Manifold Assault         Tloc           0%         N/A       99%         4
 Petrify                  Tmut/Erth      0%         N/A       99%         4
 Fireball                 Conj/Fire      0%         3d3       100%        5
 Freezing Cloud           Conj/Ice/Air   0%         6-21      100%        5
 Metabolic Englaciation   Hex/Ice        0%         N/A       100%        5
 Summon Forest            Summ/Tloc      0%         N/A       100%        5
 Summon Mana Viper        Hex/Summ       0%         N/A       100%        5
 Yara's Violent Unravell  Hex/Tmut       0%         3d3       100%        5
 Statue Form              Tmut/Erth      0%         N/A       100%        6
 Summon Cactus Giant      Summ           0%         N/A       100%        6
 Dragon Form              Tmut           0%         N/A       100%        7
 Enfeeble                 Hex            0%         N/A       100%        7
 Storm Form               Tmut/Air       0%         N/A       100%        7
 Summon Hydra             Summ           0%         N/A       100%        7
 Maxwell's Capacitive Co  Air            0%         ∞         100%        8
 Dragon's Call            Summ           0%         N/A       100%        9


Dungeon Overview and Level Annotations

Branches:
Dungeon (13/15)            Temple (1/1) D:7            Lair (0/5) D:8
    Orc (0/2) D:12         Bailey (visited)
 Vaults: D:13-14

Altars:
Ashenzari
Cheibriados
Dithmenos
Elyvilon
Fedhas
Gozag
Hepliaklqana
Kikubaaqudgha
Makhleb
Nemelex Xobeh
Okawaru
Qazlal
Ru
Sif Muna
Trog
Uskayaw
Vehumet
Wu Jian
Xom
Yredelemnul
Zin
The Shining One

Shops:
D:8 *!*   D:9 ?!


Message History

A tengu warrior comes into view.
It is wielding a +1 broad axe of freezing.
The tengu warrior shouts!
You hear an angry buzzing noise.
The tengu warrior unwields a +1 broad axe of freezing.
The tengu warrior wields a +0 arbalest.
The tengu warrior shoots a bolt.
The bolt hits you!
The boulder beetle curls into a ball and begins rolling!
The centaur warrior shoots an arrow.
You block the arrow.
The centaur warrior shoots an arrow.
The arrow hits you but does no damage.
The centaur warrior shoots an arrow.
The arrow hits you! The boulder beetle hits you!!!
The boulder beetle stops rolling and uncurls.
You hear a shout!
You hit the centaur warrior. You burn the centaur warrior.
The centaur warrior is lightly wounded.
You hit the boulder beetle but do no damage.
The centaur warrior unwields a +0 shortbow.
The centaur warrior hits you but does no damage.
The centaur warrior barely misses you.
The tengu warrior shoots a bolt.
You block the bolt. The boulder beetle bites you!
You hear an angry buzzing noise.
The tengu warrior shoots a bolt.
The bolt hits you!!
* * * LOW HITPOINT WARNING * * *
The boulder beetle waves its antennae.
The boulder beetle bites you but does no damage.
You slash the boulder beetle! You burn the boulder beetle.
The boulder beetle is moderately wounded.
You barely miss the centaur warrior. You block the centaur warrior's attack.
The centaur warrior closely misses you.
A tengu warrior comes into view. It is wielding a +0 war axe.
The centaur warrior hits you but does no damage.
The centaur warrior kicks you but does no damage.
The boulder beetle bites you!!
* * * LOW HITPOINT WARNING * * *
You hit the centaur warrior. You burn the centaur warrior.
The centaur warrior is moderately wounded.
You hit the boulder beetle. You burn the boulder beetle.
The centaur warrior hits you but does no damage.
You block the centaur warrior's attack.
The tengu warrior shoots a bolt.
The bolt hits you!
You die...

,,,,,,,,,...........######,,,,,,,
,,,,,,,,,.................,,,,,,,
,,,,,,,,,,................,,,,,,,
***********#.........QQ...,,,,,,,
*******#####>.............,,,,,,,
,,,,,,,...................,,,,,,,
,,,,,,,...................,,*****
,,,,,,,.......<.........>.,,*
,,,,,,,.........@.........,,*
,,,,,,,........cB.........,,*
,,,,,,,...................,,*
,,,,,,,...................,,*****
,,,,,,,..............)....,,,,,,,
,,,,,,*#######............,,,,,,,
,,,,,,* #.###########,,,****
,,,,,<*******#.***********,,,,,,,
,,,,,,,,,,,,,..,,,,,,,,,,,,,,,,,,


You could see a boulder beetle, 2 tengu warriors and a centaur warrior.

Vanquished Creatures
  The ghost of Lemondrips the Cleaver, a journeyman GnRe of Ashenzari (D:10)
  A centaur warrior (D:12)
  A boulder beetle (D:12)
  6 two-headed ogres
  A deep elf pyromancer (D:12)
  5 cyclopes
  An ugly thing (D:12)
  3 gargoyles
  An unseen horror (D:12)
  A komodo dragon (D:12)
  A freezing wraith (D:10)
  2 trolls (D:12)
  A slime creature (D:12)
  2 shadows (D:10)
  A centaur simulacrum (D:11)
  2 vampires
  A yak (D:11)
  4 wraiths
  2 vampire mosquitoes (D:11)
  Menkaure (D:4)
  2 acid dragons (D:12)
  A water moccasin (D:7)
  4 black bears
  2 sky beasts
  5 ice beasts
  An ogre (D:6)
  5 centaurs
  3 phantoms
  A bullfrog (D:7)
  4 kobold brigands
  A necrophage (D:6)
  3 scorpions
  8 wights (D:7)
  6 killer bees (D:9)
  7 vampire bats (Bailey)
  4 howler monkeys
  7 wolf zombies (Bailey)
  A bullfrog zombie (D:5)
  5 hounds
  2 jellies
  A gnoll bouda (D:5)
  Crazy Yiuf (D:2)
  8 orc priests
  A bullfrog skeleton (D:5)
  A centaur skeleton (D:5)
  5 iguanas
  3 orc wizards
  Natasha (thrice) (D:3)
  2 hound skeletons (D:5)
  A howler monkey zombie (D:5)
  3 gnolls (D:5)
  8 adders
  A shadow imp (D:7)
  4 white imps
  A howler monkey simulacrum (D:11)
  An ufetubus (D:6)
  3 worms
  3 dart slugs
  12 orcs
  6 ball pythons
  6 endoplasms
  3 giant cockroaches
  11 goblins
  13 hobgoblins
  2 quokkas
  5 bats
  2 frilled lizards
  27 kobolds
  24 orc zombies (Bailey)
  8 rats
279 creatures vanquished.

Vanquished Creatures (collateral kills)
  The ghost of sirJeffrey23 the Tortoise, a journeyman HOFi of Beogh (D:11)
  Josephine (D:11)
  A manticore (D:11)
  2 ugly things (D:11)
  A kobold demonologist (D:12)
  A komodo dragon (D:8)
  Psyche (D:12)
  A troll (D:11)
  A centaur simulacrum (D:11)
  3 wraiths (D:11)
  A yak (D:11)
  A vampire (D:10)
  An orc warrior (D:10)
  An ice beast (D:11)
  2 centaurs (D:8)
  A wight (D:7)
  2 orc priests (D:8)
  2 orc wizards
  2 white imps (D:11)
  7 orcs
  3 goblins (D:8)
  A kobold (D:8)
37 creatures vanquished.

Vanquished Creatures (others)
  An orc knight (D:12)
  An unseen horror (D:12)
  A black bear (D:4)
  2 orc warriors
  3 orc priests
  An iguana (D:4)
  An orc wizard (D:11)
  An adder (D:4)
  12 orcs
  A goblin (D:4)
  7 plants (D:8)
  2 withered plants (D:5)
33 creatures vanquished.

Grand Total: 349 creatures vanquished

Notes
Turn   | Place    | Note
-------+----------+-------------------------------------------
     0 | D:1      | Demosthentine the Hill Orc Fighter began the quest for the
                  | Orb.
     0 | D:1      | Reached XP level 1. HP: 19/19 MP: 1/1
   179 | D:1      | Reached XP level 2. HP: 27/27 MP: 2/2
   180 | D:1      | Reached skill level 3 in Axes
  1014 | D:2      | Found a faded altar of an unknown god.
  1062 | D:2      | Found a glowing golden altar of the Shining One.
  1077 | D:2      | Reached XP level 3. HP: 33/33 MP: 3/3
  1190 | D:2      | Identified the ring of Ivvyoza {rN++ Str+4 Int+5 Dex+6
                  | Slay-2}
  1369 | D:2      | Found a runed translucent door.
  1370 | D:2      | Noticed Crazy Yiuf
  1926 | D:2      | Killed Crazy Yiuf
  1927 | D:2      | Reached XP level 4. HP: 26/41 MP: 4/4
  1985 | D:3      | Noticed Natasha
  1993 | D:3      | Killed Natasha
  2002 | D:3      | Noticed Natasha
  2011 | D:3      | Killed Natasha
  2012 | D:3      | Reached skill level 4 in Axes
  2012 | D:3      | Reached XP level 5. HP: 33/47 MP: 5/5
  2021 | D:3      | Noticed Natasha
  2027 | D:3      | Killed Natasha
  2208 | D:3      | Reached skill level 5 in Fighting
  2208 | D:3      | Reached XP level 6. HP: 43/56 MP: 6/6
  2284 | D:3      | Found a white marble altar of Elyvilon.
  2396 | D:3      | Found an iron altar of Okawaru.
  2621 | D:4      | Found an ornate altar of the Wu Jian Council.
  2621 | D:4      | Noticed a black bear
  2631 | D:4      | Killed a black bear
  2632 | D:4      | Reached skill level 5 in Axes
  2755 | D:4      | Noticed a black bear
  2757 | D:4      | Became a worshipper of Beogh the Brigand
  2762 | D:4      | Killed a black bear
  2806 | D:4      | Identified the +3 leather armour "Jeadoiwu" {Regen+ Int+5}
  2822 | D:4      | Reached skill level 5 in Armour
  2822 | D:4      | Reached skill level 5 in Shields
  2822 | D:4      | Reached XP level 7. HP: 17/61 MP: 7/7
  2992 | D:4      | Noticed Menkaure
  3001 | D:4      | Killed Menkaure
  3298 | D:4      | Found a sparkling altar of Nemelex Xobeh.
  3543 | D:5      | Entered Level 5 of the Dungeon
  3551 | D:5      | Reached skill level 6 in Axes
  3592 | D:5      | Reached XP level 8. HP: 69/71 MP: 8/8
  3691 | D:5      | Found a basalt altar of Yredelemnul.
  3714 | D:5      | Reached * piety under Beogh
  3846 | D:5      | Found a snail-covered altar of Cheibriados.
  3940 | D:5      | Reached skill level 7 in Axes
  4321 | D:6      | Reached ** piety under Beogh
  4398 | D:6      | Reached XP level 9. HP: 68/79 MP: 9/9
  4459 | D:6      | Reached skill level 8 in Axes
  4741 | D:6      | Found a glowing golden altar of the Shining One.
  4873 | D:6      | Found an ancient bone altar of Kikubaaqudgha.
  5260 | D:7      | Reached *** piety under Beogh
  5329 | D:7      | Found a staircase to the Ecumenical Temple.
  5395 | D:7      | Reached skill level 9 in Axes
  5479 | D:7      | Found a sacrificial altar of Ru.
  5830 | D:7      | Gained Hawl as an ally
  5890 | Temple   | Entered the Ecumenical Temple
  6061 | D:8      | Found a staircase to the Lair.
  6062 | D:8      | Noticed a komodo dragon
  6070 | D:8      | Killed a komodo dragon
  6134 | D:8      | Found a glowing silver altar of Zin.
  6184 | D:8      | Found Kufitut's General Store.
  6184 | D:8      | Found Xepp's Distillery.
  6185 | D:8      | Found Engeng's General Store.
  6188 | D:8      | Reached XP level 10. HP: 91/91 MP: 10/10
  6219 | D:8      | Bought 2 potions of degeneration for 26 gold pieces
  6219 | D:8      | Bought a potion of curing for 39 gold pieces
  6245 | D:8      | Found a flagged portal.
  6263 | Bailey   | Entered a bailey
  6355 | Bailey   | Reached **** piety under Beogh
  6494 | Bailey   | Noticed a gargoyle
  6512 | Bailey   | Killed a gargoyle
  6513 | Bailey   | Reached skill level 10 in Axes
  6633 | Bailey   | Identified the +2 leather armour of the Storm King {Str+2
                  | SInv}
  7134 | D:8      | Noticed a two-headed ogre
  7142 | D:8      | Killed a two-headed ogre
  7241 | D:8      | Reached skill level 10 in Fighting
  7316 | D:8      | Bought a scroll of teleportation for 30 gold pieces
  7316 | D:8      | Bought a potion of invisibility for 80 gold pieces
  7318 | D:8      | Bought a potion of heal wounds for 65 gold pieces
  7318 | D:8      | Bought a potion of heal wounds for 65 gold pieces
  7318 | D:8      | Bought a potion of heal wounds for 65 gold pieces
  7318 | D:8      | Bought a potion of lignification for 39 gold pieces
  7323 | D:8      | Bought a scroll of blinking for 82 gold pieces
  7578 | D:9      | Noticed a two-headed ogre
  7585 | D:9      | Killed a two-headed ogre
  7586 | D:9      | Reached skill level 1 in Dodging
  7586 | D:9      | Found Pobeser's Distillery.
  7760 | D:9      | Found Ohuab's Magic Scroll Shoppe.
  7927 | D:9      | Reached skill level 11 in Axes
  7934 | D:9      | Reached XP level 11. HP: 101/101 MP: 11/11
  8124 | D:9      | Found a shadowy altar of Dithmenos.
  8218 | D:9      | Reached XP level 12. HP: 68/107 MP: 11/20
  8324 | D:10     | Entered Level 10 of the Dungeon
  8338 | D:10     | Noticed a two-headed ogre
  8346 | D:10     | Killed a two-headed ogre
  8574 | D:10     | Found a runed translucent gate.
  8575 | D:10     | Found a runed translucent gate.
  8575 | D:10     | Found a runed translucent gate.
  8576 | D:10     | Found the +14 obsidian axe {vorpal, Mesm Drain Fly SInv}
  8577 | D:10     | Noticed Lemondrips's ghost (journeyman GnRe)
  8685 | D:10     | Noticed a two-headed ogre
  8695 | D:10     | Killed a two-headed ogre
  8725 | D:10     | Found a faded altar of an unknown god.
  8725 | D:10     | Found a faded altar of an unknown god.
  8733 | D:10     | Found a hazy altar of Hepliaklqana.
  8735 | D:10     | Found a radiant altar of Vehumet.
  8737 | D:10     | Found a shimmering altar of Xom.
  8982 | D:10     | Reached ***** piety under Beogh
  8983 | D:10     | Reached skill level 10 in Armour
  8984 | D:10     | Killed Lemondrips's ghost
  9232 | D:11     | Found a runed translucent gate.
  9232 | D:11     | Found a runed translucent gate.
  9232 | D:11     | Found a runed translucent gate.
  9492 | D:11     | Noticed Josephine
  9504 | D:11     | Killed Josephine
  9504 | D:11     | Gained Boderik as an ally
  9505 | D:11     | Reached skill level 12 in Axes
  9880 | D:11     | Noticed sirJeffrey23's ghost (journeyman HOFi)
 10048 | D:11     | Killed sirJeffrey23's ghost
 10056 | D:11     | Got the ring "Ulysh" {Fire Will+ rCorr Int+2}
 10059 | D:11     | Got the Exposition on Conjury and Air
 10184 | D:12     | Noticed a centaur warrior
 10201 | D:12     | Killed a centaur warrior
 10287 | D:12     | Noticed a two-headed ogre
 10290 | D:12     | Noticed Psyche
 10298 | D:12     | Killed a two-headed ogre
 10299 | D:12     | Killed Psyche
 10394 | D:12     | Found a staircase to the Orcish Mines.
 10446 | D:12     | Noticed a two-headed ogre
 10448 | D:12     | Noticed a sun demon
 10452 | D:12     | Killed a two-headed ogre
 10480 | D:12     | Reached XP level 13. HP: 65/118 MP: 21/21
 10795 | D:12     | Upgraded the game from 0.30-a0-187-gd9c2deaf24 to
                  | 0.30-a0-360-g447f08457e
 10941 | D:12     | Reached skill level 13 in Axes
 10965 | D:12     | Reached skill level 5 in Dodging
 11577 | D:13     | Shot with a bolt by a tengu warrior

Illustrated notes

Levels and vault maps discovered:
D:1:      dpeg_cavernosity, layout_basic, kennysheep_decorative_pillar,
          minmay_heptomino_d4
D:2:      cheibrodos_greedy_goblins, layout_loops_ring, basic_altar,
          basic_ecumenical_altar, kennysheep_nub, uniq_crazy_yiuf_cottage
D:3:      layout_rooms, mainiacjoe_overflow_boulevard, elyvilon_altar_3,
          uniq_natasha
D:4:      layout_rooms, nemelex_spade_bored_becter, mainiacjoe_overflow_paths,
          uniq_menkaure
D:5:      layout_loops_ring, kennysheep_slug_shrine, yredelemnul_altar_generic,
          serial_undead, serial_undead_f, serial_undead_b, serial_undead_a,
          serial_undead_b
D:6:      layout_basic, tso_altar, lemuel_coloured_pillars_altar,
          minmay_misc_feat_square, kennysheep_generic_room_15
D:7:      layout_basic, nicolae_ru_great_annihilating_truth, temple_doors_e,
          kennysheep_generic_room_14
D:8:      layout_basic, zin_academy, david_lair_shrubbed, enter_bailey_5,
          nicolae_wooded_promenade, grunt_decor_resistance, grunt_decor_cap,
          small_statue_intersection
D:9:      layout_gridville, kennysheep_mini, serial_shops, shop,
          nicolae_square_shop
D:10:     layout_small_grid, chequers_temple_overflow_minitemple,
          gammafunk_ghost_spectres
D:11:     layout_loops_ring, gammafunk_ghost_icy, serial_glass, glass_columns_c,
          glass_columns_a, due_unseen_surprise, feat_on_display,
          item_on_display_b, amcnicky_mini_pool_medium, uniq_josephine
D:12:     layout_basic, orc_0_dummy, kennysheep_kite_vault, uniq_psyche
D:13:     layout_long_grid, david_vaults_2, gauntlet_entry_generic,
          fedhas_altar_2
Temple:   hellmonk_temple_beads

Skill      XL: |  1  2  3  4  5  6  7  8  9 10 11 12 13 |
---------------+----------------------------------------+-----
Axes           | 3 4 5 6 7 9 11 12 13 | 13.3
Fighting       | 4 5 6 7 9 10 12 | 12.5
Armour         | 4 5 6 8 9 11 | 11.6
Shields        | 4 5 6 8 9 |  9.3
Dodging        | 1 4 5 |  5.1
Invocations    | 11 | 11.8

Action                   |  1- 3 |  4- 6 |  7- 9 | 10-12 | 13-15 || total
-------------------------+-------+-------+-------+-------+-------++-------
Melee: War axe           |    80 |    96 |   288 |   422 |    86 ||   972
Invok: Convert to Beogh  |       |     1 |       |       |       ||     1
Evoke: Wand              |       |       |       |     1 |       ||     1
  Use: Scroll            |     6 |     6 |     6 |     2 |     4 ||    24
       Potion            |     1 |     1 |     1 |     9 |     9 ||    21
 Stab: Distracted        |       |       |     1 |     8 |       ||     9
       Paralysed         |       |       |     1 |     1 |       ||     2
Armor: Scale mail        |    30 |    61 |   123 |   209 |    37 ||   460
       Quicksilver drago |       |       |       |       |     6 ||     6
Dodge: Dodged            |    44 |    47 |   116 |   181 |    28 ||   416
Block: Buckler           |    20 |    37 |    80 |   164 |    26 ||   327

Table legend: (Time is in decaauts)
 A = Elapsed time spent in this place.
 B = Non-inter-level travel time spent in this place.
 C = Inter-level travel time spent in this place.
 D = Time resting spent in this place.
 E = Time spent auto-exploring this place.
 F = Levels seen in this place.
 G = Mean time per level.
                   A        B        C        D        E       F      G
               +--------+--------+--------+--------+--------+-----+--------+
         Total |  11717 |  11339 |    378 |    561 |   8550 |  15 |  781.1 |
       Dungeon |  11012 |  10635 |    377 |    490 |   8186 |  13 |  847.1 |
        Temple |    108 |    108 |      0 |      0 |     88 |   1 |  108.0 |
        Bailey |    596 |    596 |      0 |     71 |    276 |   1 |  596.0 |
               +--------+--------+--------+--------+--------+-----+--------+

Top non-repeatable levels by time:
    D:12: 1404 daAuts
    D:11: 1153 daAuts
     D:6: 1056 daAuts
     D:1: 1001 daAuts
     D:9: 994 daAuts
     D:2: 994 daAuts
     D:4: 942 daAuts
     D:7: 775 daAuts
     D:8: 688 daAuts
    D:10: 687 daAuts
     D:3: 684 daAuts
     D:5: 618 daAuts
  Bailey: 596 daAuts
  Temple: 108 daAuts
    D:13: 12 daAuts
